 Dungeon Crawl Stone Soup version 0.29-a0-1030-gf5f8719cae (webtiles) character file.

Game seed: 18412356076945349401

163 dkjp the Sneak (level 5, 0/24 HPs)
             Began as a Spriggan Enchanter on Aug 14, 2022.
             Slain by a scorpion (6 damage)
             ... on level 4 of the Dungeon.
             The game lasted 00:07:37 (4330 turns).

dkjp the Sneak (Spriggan Enchanter)                 Turns: 4330, Time: 00:07:38

Health: 0/24       AC:  3    Str:  3 (6)  XL:     5   Next: 20%
Magic:  19/20      EV: 16    Int: 15 (17) God:
Gold:   1054       SH:  9    Dex: 15      Spells: 3/11 levels left

rFire   . . .      SeeInvis +   b - +0 short sword
rCold   . . .      Faith    .   c - +3 buckler of Vim Wayrch {Slay+3}
rNeg    . . .      Spirit   .   (body armour restricted)
rPois   .          Reflect  .   (helmet restricted)
rElec   .          Harm     .   g - +2 cloak
rCorr   .          Rampage  .   (gloves unavailable)
Will    .....                   (boots unavailable)
Stlth   +++.......              (no amulet)
HPRegen 0.08/turn               d - ring of magical power
MPRegen 0.17/turn               (no ring)

@: very quick
A: very small, no large weapons, unfitting armour, see invisible, speed 3
a: no special abilities


You were on level 4 of the Dungeon.
You visited 2 branches of the dungeon, and saw 5 of its levels.
You also visited: Ossuary.

You collected 1054 gold pieces.

Inventory:

Hand Weapons
 b - a +0 short sword (weapon)
Armour
 c - the +3 buckler of Vim Wayrch (worn) {Slay+3}
   (You acquired it on level 1 of the Dungeon)

   Slay:      It affects your accuracy & damage with ranged weapons and melee
   (+3).
 g - a +2 cloak (worn)
Jewellery
 d - a ring of magical power (left hand)
Scrolls
 a - 11 scrolls of fog


   Skills:
 - Level 2.6 Dodging
 - Level 4.4 Stealth
 + Level 3.0 Shields
 - Level 0.7 Unarmed Combat
 - Level 3.6 Spellcasting
 - Level 4.3 Hexes


You had 3 spell levels left.
You knew the following spells:

 Your Spells              Type           Power      Damage    Failure   Level
a - Ensorcelled Hibernat  Hex/Ice        18%        N/A       24%         2
b - Tukima's Dance        Hex            15%        N/A       19%         3
d - Confusing Touch       Hex            15%        N/A       19%         3

Your spell library contained the following spells:

 Spells                   Type           Power      Damage    Failure   Level
 Apportation              Tloc           4%         N/A       36%         1
 Necrotise                Necr           8%         1d4       36%         1
 Summon Small Mammal      Summ           8%         N/A       36%         1
 Dazzling Flash           Conj/Hex       18%        N/A       43%         3
 Passage of Golubria      Tloc           2%         N/A       98%         4
 Yara's Violent Unravell  Hex/Tmut       4%         3d4       99%         5


Dungeon Overview and Level Annotations

Branches:
Dungeon (4/15)             Temple (1/1) D:4         Ossuary (visited)

Altars:
Cheibriados
Elyvilon
Gozag
Hepliaklqana
Makhleb
Nemelex Xobeh
Okawaru
Qazlal
Ru
Trog
Xom
Yredelemnul
The Shining One

Annotations:
D:4 Edmund


Innate Abilities, Weirdness & Mutations

You are very small and have problems with some larger weapons.
You are too small for most types of armour.
You have supernaturally acute eyesight. (SInv)
You cover ground extremely quickly. (Speed+++)


Message History

You hit the scorpion but do no damage.
The scorpion is heavily wounded.
The scorpion barely misses you. You block the scorpion's attack.
Your magical contamination has completely faded away.
You hit the scorpion but do no damage.
The scorpion is heavily wounded.
The scorpion stings you.
You are poisoned.
The scorpion poisons you!
You hit the scorpion.
The scorpion is severely wounded.
You feel very sick. The scorpion misses you. The scorpion stings you.
You hit the scorpion.
The scorpion is severely wounded.
You feel sick. You block the scorpion's attack.
You are too injured to fight recklessly!
You are too injured to fight recklessly!
You are too injured to fight recklessly!
You are too injured to fight recklessly!
You hit the scorpion but do no damage.
The scorpion is severely wounded.
You feel sick. The scorpion barely misses you.
The scorpion completely misses you.
You hit the scorpion.
The scorpion is severely wounded.
You feel sick. The scorpion misses you.
You hit the scorpion but do no damage.
The scorpion is severely wounded.
You feel sick. You block the scorpion's attack. The scorpion misses you.
You aren't carrying any potions.
You hit the scorpion but do no damage.
The scorpion is severely wounded.
You feel sick. You block the scorpion's attack.
You hit the scorpion but do no damage.
The scorpion is severely wounded.
You feel sick.
You are no longer poisoned.
You block the scorpion's attack. The scorpion stings you.
You die...

###....## ..#.## ##.##
##.....## #....# ..
##.....###.....## >.#
#.......#g. #.. ...
#.......#.# #..
#.......#.# #.# ##
##.....#..# #.# # #.
#........####!####...$
#. #........###..@s....#
#.
#.............#####.##
#. #...............# .#
#.
#...............####.###
#.
#########..............#
## #........#'#...#
#........#.# .#
#......###.###
#......'.....+


You could see a scorpion.

Vanquished Creatures
  A hound (D:4)
  4 adders
  5 dart slugs
  7 orcs (D:3)
  3 endoplasms
  5 giant cockroaches
  4 goblins
  8 hobgoblins
  6 jackals (D:4)
  5 kobolds
  A quokka (D:3)
  7 ball pythons
  6 bats
  2 frilled lizards (D:2)
  2 hobgoblin zombies (Ossuary)
  A kobold zombie (Ossuary)
  An orc zombie (Ossuary)
  4 rats
72 creatures vanquished.

Vanquished Creatures (collateral kills)
  2 orcs (D:4)
2 creatures vanquished.

Grand Total: 74 creatures vanquished

Notes
Turn   | Place    | Note
-------+----------+-------------------------------------------
     0 | D:1      | dkjp the Spriggan Enchanter began the quest for the Orb.
     0 | D:1      | Reached XP level 1. HP: 9/9 MP: 5/5
    57 | D:1      | Identified a scroll of acquirement
    57 | D:1      | Acquired the +3 buckler of Vim Wayrch {Slay+3}
   238 | D:1      | Reached XP level 2. HP: 12/13 MP: 7/7
   245 | D:1      | Learned a level 2 spell: Ensorcelled Hibernation
   261 | D:1      | Found a faded altar of an unknown god.
  1433 | D:2      | Reached XP level 3. HP: 16/16 MP: 9/9
  1472 | D:2      | Found a shimmering altar of Xom.
  1663 | D:2      | Learned a level 3 spell: Tukima's Dance
  1667 | D:2      | Learned a level 3 spell: Confusing Touch
  1757 | D:2      | Reached skill level 1 in Shields
  2475 | D:3      | Reached XP level 4. HP: 14/21 MP: 10/10
  2638 | D:3      | Acquired 899 gold pieces
  3497 | D:4      | Reached XP level 5. HP: 21/24 MP: 11/11
  3582 | D:4      | Found a staircase to the Ecumenical Temple.
  3585 | D:4      | Noticed a lemure
  3590 | D:4      | Noticed a black bear
  3591 | D:4      | Noticed Edmund
  3603 | Temple   | Entered the Ecumenical Temple
  3946 | D:4      | Found a sand-covered staircase.
  3952 | Ossuary  | Entered an ossuary
  4330 | D:4      | Slain by a scorpion

Illustrated notes

Levels and vault maps discovered:
D:1:      beargit_arrival_greenhouse, layout_rooms,
          hellmonk_ecumenical_altar_zigzags
D:2:      minmay_door_path, layout_basic, basic_altar
D:3:      layout_loops_cross, serial_forest, infiniplex_forest_lined_3,
          infiniplex_forest_clump_curved, infiniplex_forest_corner_2,
          infiniplex_forest_lined_3, infiniplex_forest_3_way,
          infiniplex_forest_lined_3_way, infiniplex_forest_fountain
D:4:      layout_rooms, minmay_temple_entry_statues_fountains,
          nicolae_ossuary_entry_plus, lexackson_kobold_supper, uniq_pikel,
          uniq_edmund
Temple:   dshaligram_water_room_temple

Skill      XL: |  1  2  3  4  5 |
---------------+----------------+-----
Spellcasting   | 3 |  3.6
Hexes          | 4 |  4.3
Shields        | 1 2 3 |  3.0
Dodging        | |  2.6
Stealth        | |  4.4
Unarmed Combat | |  0.7

Action                   |  1- 3 |  4- 6 || total
-------------------------+-------+-------++-------
Melee: Short sword       |   132 |   101 ||   233
 Cast: Ensorcelled Hiber |     2 |     1 ||     3
       Tukima's Dance    |       |     4 ||     4
       Confusing Touch   |       |     1 ||     1
  Use: Scroll            |     2 |     1 ||     3
       Potion            |     5 |     2 ||     7
 Stab: Sleeping          |     8 |     9 ||    17
       Distracted        |       |     1 ||     1
Armor: Skin              |    10 |     8 ||    18
Dodge: Dodged            |    82 |    67 ||   149
Block: Buckler           |    54 |    63 ||   117

Table legend: (Time is in decaauts)
 A = Elapsed time spent in this place.
 B = Non-inter-level travel time spent in this place.
 C = Inter-level travel time spent in this place.
 D = Time resting spent in this place.
 E = Time spent auto-exploring this place.
 F = Levels seen in this place.
 G = Mean time per level.
                   A        B        C        D        E       F      G
               +--------+--------+--------+--------+--------+-----+--------+
         Total |   3528 |   3485 |     43 |    199 |   2516 |   6 |  588.0 |
       Dungeon |   3363 |   3330 |     33 |    199 |   2426 |   4 |  840.8 |
        Temple |     49 |     39 |     10 |      0 |     27 |   1 |   49.0 |
       Ossuary |    116 |    116 |      0 |      0 |     63 |   1 |  116.0 |
               +--------+--------+--------+--------+--------+-----+--------+

Top non-repeatable levels by time:
     D:1: 1045 daAuts
     D:2: 951 daAuts
     D:3: 851 daAuts
     D:4: 514 daAuts
 Ossuary: 116 daAuts
  Temple: 49 daAuts
